 Dungeon Crawl Stone Soup version 0.31-a0-1074-g0b22e4e0f1 (webtiles) character file.

Game seed: 2862200711543014235

2042 grandjackal the Trooper (level 9, -4/79 HPs)
             Began as a Ghoul Monk on Nov 29, 2023.
             Was a Believer of Kikubaaqudgha.
             Killed by divine providence
             ... invoked by an orc priest
              (12 damage)
             ... on level 7 of the Dungeon.
             The game lasted 00:06:39 (5229 turns).

grandjackal the Trooper (Ghoul Monk)                Turns: 5229, Time: 00:06:39

Health: -4/79      AC:  7    Str: 15    XL:     9   Next: 24%
Magic:  8/8        EV: 11    Int: 13    God:    Kikubaaqudgha [**....]
Gold:   248        SH:  0    Dex: 11    Spells: 1/8 levels left

rFire   . .          .
                       - Unarmed
rCold   + + .        c - orb {light}
rNeg    + + +        j - +0 ring mail
rPois   ∞            (no helmet)
rElec   .            (no cloak)
rCorr   .            (no gloves)
SInv    +            s - +0 pair of boots
Will    .....        q - amulet of magic regeneration Stlth
                     g - ring of see invisible
HPRegen 0.00/turn    a - ring of protection from cold
MPRegen 0.51/turn

%: no passive effects
@: inhibited regen, glowing
A: claws 1, cold resistance 1, negative energy resistance 3, inhibited
regeneration, torment resistance 2, devour on kill
a: Renounce Religion, Unearth Wretches


You were on level 7 of the Dungeon.
You worshipped Kikubaaqudgha.
Kikubaaqudgha was pleased with you.
You visited 2 branches of the dungeon, and saw 8 of its levels.

You collected 458 gold pieces.
You spent 210 gold pieces at shops.

Inventory:

Hand Weapons
 v - a +0 spear
Armour
 c - an orb of light (worn)
 j - a +0 ring mail (worn)
 s - a +0 pair of boots (worn)
Jewellery
 a - a ring of protection from cold (right claw)
 g - a ring of see invisible (left claw)
 q - an amulet of magic regeneration (around neck)
 A - a ring of protection from cold
Wands
 x - a wand of quicksilver (8)
Scrolls
 d - a scroll of blinking {unknown}
 e - a scroll of noise {unknown}
 h - 4 scrolls of teleportation
 i - 3 scrolls of fog {unknown}
 l - 3 scrolls of identify {unknown}
 p - a scroll of enchant weapon {unknown}
 r - 3 scrolls of revelation {unknown}
 t - 2 scrolls of poison
 u - a scroll of silence
 w - 2 scrolls of fear {unknown}
 y - a scroll of brand weapon {unknown}
Potions
 b - a potion of ambrosia
 f - 2 potions of curing
 k - a potion of haste {unknown}
 m - a potion of might {unknown}
 n - a potion of invisibility {unknown}
 o - 2 potions of attraction {unknown}
 z - 2 potions of heal wounds {unknown}
 B - a potion of degeneration {unknown}


   Skills:
 + Level 7.4 Fighting
 - Level 4.0 Armour
 - Level 3.0 Dodging
 + Level 7.3 Unarmed Combat
 + Level 5.3 Necromancy
 + Level 2.7 Evocations


You had one spell level left.
You knew the following spells:

 Your Spells              Type           Power      Damage    Failure   Level
a - Vampiric Draining     Necr           13%        2d6       19%         3
b - Animate Dead          Necr           13%        N/A       54%         4

Your spell library contained the following spells:

 Spells                   Type           Power      Damage    Failure   Level
 Necrotise                Necr           52%        1d6       6%          1
 Kiss of Death            Conj/Necr      24%        2d7       19%         1
 Magic Dart               Conj           0%         1d3       50%         1
 Slow                     Hex            0%         N/A       50%         1
 Cigotuvi's Dreadful Rot  Necr/Pois/Air  8%         N/A       38%         2
 Searing Ray              Conj           0%         2d4       65%         2
 Confusing Touch          Hex            0%         N/A       86%         3
 Sigil of Binding         Hex            0%         N/A       86%         3
 Fulminant Prism          Conj/Hex       0%         3d5       99%         4


Dungeon Overview and Level Annotations

Branches:
Dungeon (7/15)             Temple (1/1) D:6

Altars:
Ashenzari
Dithmenos
Fedhas
Gozag
Hepliaklqana
Kikubaaqudgha
Makhleb
Nemelex Xobeh
Okawaru
Qazlal
Sif Muna
Trog
Uskayaw
Vehumet
Wu Jian
Xom
Yredelemnul

Shops:
D:4 *

Annotations:
D:4 2 transporters, gelatine's ghost, amateur DsFi
D:7 Dowan; Maurice; Pikel


Innate Abilities, Weirdness & Mutations

You are immune to poison.
You have sharp fingernails.
Your flesh is cold resistant. (rC+)
You are immune to negative energy. (rN+++)
You do not regenerate when monsters are visible.
You are immune to unholy pain and torment.
You thrive by killing the living.


Message History

The orc priest is almost dead.
Dowan mumbles some strange words.
Dowan blinks!
The orc priest invokes the aid of Beogh against you.
Beogh smites you!
* * * LOW HITPOINT WARNING * * *
The orc wizard hits you with a +0 dagger.
* * * LOW HITPOINT WARNING * * *
The orc barely misses you. The orc priest misses you.
The orc wizard casts a spell at you.
You easily resist.
You scratch the orc priest.
You kill the orc priest!
Kikubaaqudgha accepts your kill.
Unknown command.
You feel better. The orc wizard barely misses you.
The orc wizard hits you but does no damage.
The white imp gestures at you. The puff of frost hits you. You resist.
* * * LOW HITPOINT WARNING * * *
You claw the orc wizard!
The orc wizard is almost dead.
The orc wizard barely misses you. The orc hits you but does no damage.
A white imp comes into view.
The orc wizard misses you.
Dowan casts a spell.
Dowan blinks!
The white imp shouts, "Quit, thou ducking folly-fallen socdollager!"
You scratch the orc wizard.
You kill the orc wizard!
Kikubaaqudgha accepts your kill. The orc closely misses you.
The orc barely misses you.
The orc priest hits you with a +0 flail.
* * * LOW HITPOINT WARNING * * *
The orc wizard barely misses you. The orc closely misses you.
The orc barely misses you.
The orc priest mumbles some strange prayers to Beogh against you.
Beogh smites you!
You die...
Kikubaaqudgha rasps: "You have failed me!
Welcome... oblivion!"

. e. #.. #### ....
##<.##### .....
##.......#
....§5######........#
.....oo.@..(........#
....##oooo...........#
. ##.............##
##...........##
.......5......#
......##.#......
......##..#.##...
....... .. .


You could see an orc priest, an orc wizard, 2 white imps and 4 orcs.

Vanquished Creatures
  Prince Ribbit (D:6)
  2 water moccasins
  Duvessa (D:7)
  An ice beast (D:5)
  2 black bears
  2 ogres (D:5)
  2 phantoms
  3 lemures
  3 scorpions (D:5)
  4 wights (D:6)
  A howler monkey (D:5)
  3 orc priests
  3 hounds
  2 jellies (D:6)
  3 iguanas
  3 orc wizards
  3 adders
  4 worms
  2 dart slugs (D:3)
  17 orcs
  6 endoplasms
  4 giant cockroaches
  7 goblins
  12 hobgoblins
  2 jackals (D:2)
  6 quokkas
  10 ball pythons
  6 bats
  3 frilled lizards
  5 kobolds
  A butterfly (D:6)
124 creatures vanquished.

Notes
Turn   | Place    | Note
-------+----------+-------------------------------------------
     0 | D:1      | grandjackal the Ghoul Monk began the quest for the Orb.
     0 | D:1      | Reached XP level 1. HP: 19/19 MP: 0/0
   216 | D:1      | Reached XP level 2. HP: 26/26 MP: 1/1
   323 | D:1      | Found a faded altar of an unknown god.
   420 | D:1      | Reached XP level 3. HP: 33/33 MP: 2/2
   684 | D:2      | You fall into a shaft and drop 2 floors!
  1054 | D:2      | Found a sparkling altar of Nemelex Xobeh.
  1437 | D:3      | Reached skill level 1 in Armour
  1437 | D:3      | Reached XP level 4. HP: 40/40 MP: 3/3
  1445 | D:3      | Learned a level 3 spell: Vampiric Draining
  1659 | D:3      | Reached XP level 5. HP: 42/47 MP: 4/4
  1706 | D:3      | Reached skill level 1 in Necromancy
  2129 | D:4      | Noticed a phantom
  2147 | D:4      | Killed a phantom
  2148 | D:4      | Reached XP level 6. HP: 48/55 MP: 5/5
  2386 | D:4      | Found a transporter.
  2386 | D:4      | Found a transporter.
  2395 | D:4      | Reached skill level 5 in Fighting
  2406 | D:4      | Noticed gelatine's ghost (amateur DsFi)
  2463 | D:4      | Found Fouf's General Store.
  2477 | D:4      | Bought a scroll of teleportation for 30 gold pieces
  2477 | D:4      | Bought a +0 pair of boots for 45 gold pieces
  2477 | D:4      | Bought a scroll of poison for 40 gold pieces
  2477 | D:4      | Bought a scroll of silence for 95 gold pieces
  2793 | D:5      | Entered Level 5 of the Dungeon
  2793 | D:5      | Noticed a water moccasin
  2811 | D:5      | Killed a water moccasin
  2812 | D:5      | Reached skill level 5 in Unarmed Combat
  2812 | D:5      | Reached XP level 7. HP: 31/61 MP: 6/6
  3328 | D:5      | Reached XP level 8. HP: 59/70 MP: 7/7
  3419 | D:5      | Found a sparkling altar of Nemelex Xobeh.
  4077 | D:6      | Found an iron altar of Okawaru.
  4084 | D:6      | Reached skill level 1 in Evocations
  4436 | D:6      | Noticed Prince Ribbit
  4451 | D:6      | Killed Prince Ribbit
  4452 | D:6      | Reached skill level 5 in Necromancy
  4452 | D:6      | Reached XP level 9. HP: 16/79 MP: 8/8
  4734 | D:6      | Found an ancient bone altar of Kikubaaqudgha.
  4734 | D:6      | Found a bloodstained altar of Trog.
  4739 | D:6      | Became a worshipper of Kikubaaqudgha
  4739 | D:6      | Reached * piety under Kikubaaqudgha
  4739 | D:6      | Received a gift from Kikubaaqudgha
  4739 | D:6      | Reached ** piety under Kikubaaqudgha
  4746 | D:6      | Learned a level 4 spell: Animate Dead
  4772 | D:6      | Found a staircase to the Ecumenical Temple.
  4939 | D:7      | Noticed Pikel
  4939 | D:7      | Noticed Maurice
  4963 | Temple   | Entered the Ecumenical Temple
  5190 | D:7      | Noticed Duvessa
  5194 | D:7      | Noticed Dowan
  5199 | D:7      | Killed Duvessa
  5229 | D:7      | Killed from afar by an orc priest

Illustrated notes

Levels and vault maps discovered:
D:1:      reono_arrival_mine, layout_rooms, serial_corexii_hall,
          chequers_hall_statues_wall_a, corexii_hall_statues_i,
          corexii_hall_statues_x, corexii_hall_statues_x,
          hellmonk_ecumenical_altar_leap_of_faith,
          amcnicky_mini_corridor_feature, dreamdust_wishing_well, st_stairs_12
D:2:      layout_rooms, basic_altar, minmay_misc_feat_enclosed, st_stairs_12,
          columned_hall_lemuel
D:3:      layout_rooms
D:4:      layout_rooms, kennysheep_mini, gammafunk_ghost_gnarly_gnolls,
          nicolae_stop_n_shop_2, minivault_23, nicolae_tricolors
D:5:      layout_loops_ring, nemelex_diamond_rough_becter
D:6:      layout_gridville, okawaru_gym_becter,
          gammafunk_temple_overflow_statue, minmay_temple_entry_butterflies,
          uniq_prince_ribbit1
D:7:      layout_cave_pools, uniq_duvessa, uniq_pikel, uniq_maurice
Temple:   nicolae_temple_ecumenical_triangle

Skill      XL: |  1  2  3  4  5  6  7  8 |
---------------+-------------------------+-----
Dodging        | 3 |  3.0
Fighting       | 4 5 6 7 |  7.4
Armour         | 1 2 3 4 |  4.0
Unarmed Combat | 4 5 7 |  7.3
Necromancy     | 1 2 3 5 |  5.3
Evocations     | 2 |  2.7

Action                     |  1- 3 |  4- 6 |  7- 9 || total
---------------------------+-------+-------+-------++-------
  Melee: Unarmed           |   104 |   146 |   190 ||   440
  Evoke: Wand              |       |       |     4 ||     4
    Use: Potion            |       |       |     2 ||     2
 Armour: Robe              |    17 |       |       ||    17
         Ring mail         |    32 |    71 |   141 ||   244
  Dodge: Dodged            |    61 |    75 |   107 ||   243

Table legend: (Time is in decaauts)
 A = Elapsed time spent in this place.
 B = Non-inter-level travel time spent in this place.
 C = Inter-level travel time spent in this place.
 D = Time resting spent in this place.
 E = Time spent auto-exploring this place.
 F = Levels seen in this place.
 G = Mean time per level.
                   A        B        C        D        E       F      G
               +--------+--------+--------+--------+--------+-----+--------+
         Total |   5184 |   5023 |    161 |   1154 |   2950 |   8 |  648.0 |
       Dungeon |   4998 |   4837 |    161 |    984 |   2950 |   7 |  714.0 |
        Temple |    185 |    185 |      0 |    170 |      0 |   1 |  185.0 |
               +--------+--------+--------+--------+--------+-----+--------+

Top non-repeatable levels by time:
     D:5: 1136 daAuts
     D:6: 990 daAuts
     D:4: 807 daAuts
     D:3: 684 daAuts
     D:2: 677 daAuts
     D:1: 651 daAuts
  Temple: 185 daAuts
     D:7: 50 daAuts
